 Dungeon Crawl Stone Soup version 0.31.0 (webtiles) character file.

Game seed: 11477404853437509576

70 qw the Shooter (level 4, 0/28 HPs)
             Began as a Gargoyle Hunter on Jan 19, 2024.
             Slain by a gnoll
             ... wielding a +0 spear
              (2 damage)
             ... on level 2 of the Dungeon.
             The game lasted 00:00:04 (808 turns).

qw the Shooter (Gargoyle Hunter)                     Turns: 808, Time: 00:00:05

Health: 0/28       AC:  8    Str: 15    XL:     4   Next: 21%
Magic:  4/4        EV: 11    Int:  9    God:
Gold:   104        SH:  0    Dex: 15    Spells: 3/3 levels left

rFire   . . .        a - +0 shortbow
rCold   . . .        (shield currently unavailable)
rNeg    + . .        i - +0 ring mail
rPois   inf          (no helmet)
rElec   +            (no cloak)
rCorr   +            (no gloves)
SInv    .            (no boots)
Will    .....        (no amulet)
Stlth   +            d - ring of resist corrosion
HPRegen 0.24/turn    (no ring)
MPRegen 0.09/turn

%: no passive effects
@: no status effects
A: sickness immunity, AC +3, negative energy resistance 1, electricity
resistance, torment resistance 1, petrification resistance
a: no special abilities


You were on level 2 of the Dungeon.
You visited 1 branch of the dungeon, and saw 2 of its levels.

You collected 104 gold pieces.


Innate Abilities, Weirdness & Mutations

You are immune to sickness and miasma.
Your stone body is resilient. (AC +3)
You are immune to poison.
You resist negative energy. (rN+)
You are resistant to electric shocks. (rElec)
You are resistant to unholy torment.
You are immune to petrification.


   Skills:
 - Level 3.0 Fighting
 + Level 5.1 Ranged Weapons
 - Level 1.1 Armour
 - Level 1.5 Dodging
 - Level 1.1 Stealth


You had 3 spell levels left.
You didn't know any spells.
Your spell library was empty.

Inventory:

Hand Weapons
 a - a +0 shortbow (weapon)
Armour
 i - a +0 ring mail (worn)
Jewellery
 d - a ring of resist corrosion (left hand)
Scrolls
 b - a scroll of torment {unknown}
 c - a scroll of teleportation {unknown}
 f - a scroll of blinking {unknown}
Potions
 e - 2 potions of cancellation {unknown}
 g - a potion of ambrosia {unknown}
 h - a potion of enlightenment {unknown}

Dungeon Overview and Level Annotations

Branches:
Dungeon (2/15)

Altars:


Message History

Enter note:
Enter note:
797 ||| RETREEEEATING.
Enter note:
Enter note:
Enter note:
798 ||| RETREEEEATING.
Enter note:
Enter note:
Enter note: You shoot an arrow.
The arrow hits the gnoll!
You kill the gnoll!
You have reached level 4!
You feel stronger.
You shoot an arrow.
The arrow hits the gnoll but does no damage.
The gnoll hits you but does no damage.
You shoot an arrow. The arrow barely misses the gnoll.
The gnoll misses you. The gnoll barely misses you.
You shoot an arrow. The arrow hits the gnoll!
The gnoll is severely wounded.
The gnoll closely misses you. The gnoll barely misses you.
You shoot an arrow. The arrow hits the gnoll.
The gnoll is almost dead.
The gnoll hits you from afar with a +0 spear.
The gnoll hits you with a +0 whip. x2; The gnoll hits you but does no damage.
You shoot an arrow. The arrow hits the gnoll.
You kill the gnoll!
The gnoll hits you from afar with a +0 spear.
Your Fighting skill increases to level 3!
You shoot an arrow. The arrow closely misses the gnoll.
The gnoll hits you from afar with a +0 spear.
You shoot an arrow. The arrow barely misses the gnoll.
The gnoll hits you from afar with a +0 spear.
You shoot an arrow. The arrow hits the gnoll.
The gnoll is moderately wounded.
The gnoll hits you from afar with a +0 spear!
You shoot an arrow. The arrow hits the gnoll.
The gnoll is moderately wounded.
The gnoll hits you from afar with a +0 spear. x2
You die...

# #.#.####.## #.... #.
#.#.# #.# #.......
###.##.#.####.####........
.......#.#...............
#....#.##.#####..>...
#.#)...##..####...... #
#...g..##.....#......
#.####.#)###........#####
#.#......#@#######..#.##...
#........#.#..........##...
########.#.#.#######.###...
....................%.....
.######+#+#+########......
###.... #.... #.... #.#..


You could see a gnoll.

Vanquished Creatures
  2 gnolls (D:2)
  An adder (D:2)
  A ribbon worm (D:2)
  7 bats
  5 endoplasms
  2 giant cockroaches
  2 goblins
  4 hobgoblins
  A kobold (D:1)
  2 quokkas
  A ball python (D:2)
  4 frilled lizards
  3 rats
35 creatures vanquished.

Notes
Turn   | Place    | Note
-------+----------+-------------------------------------------
     0 | D:1      | qw the Gargoyle Hunter began the quest for the Orb.
     0 | D:1      | Reached XP level 1. HP: 12/12 MP: 1/1
     0 | D:1      | 0 ||| qw: Version: 0.3-a-132-g3d54051
     0 | D:1      | 0 ||| qw: Game counter: 52
     0 | D:1      | 0 ||| qw: Melee chars always use a shield: true
     0 | D:1      | 0 ||| qw: God list: Okawaru
     0 | D:1      | 0 ||| qw: Allow faded altars: false
     0 | D:1      | 0 ||| qw: Do Orc after clearing Dungeon:15 true
     0 | D:1      | 0 ||| qw: Do second Lair branch before Depths: true
     0 | D:1      | 0 ||| qw: Lair rune preference: random
     0 | D:1      | 0 ||| qw: Goals: Normal
     0 | D:1      | 0 ||| PLANNING D:1-11
   129 | D:1      | Reached XP level 2. HP: 17/17 MP: 2/2
   362 | D:1      | Reached XP level 3. HP: 21/21 MP: 3/3
   425 | D:1      | 425 ||| UPGRADING to +0 ring mail.
   435 | D:1      | 435 ||| DROPPING +0 leather armour.
   436 | D:1      | 436 ||| UPGRADING to ring of resist corrosion.
   437 | D:1      | 437 ||| READING scroll labelled VECZIV XECLOL.
   438 | D:1      | 438 ||| READING scroll labelled DILICV EPPOFF.
   439 | D:1      | 439 ||| DROPPING scroll of butterflies.
   529 | D:2      | Reached skill level 1 in Armour
   594 | D:2      | 594 ||| FLEEEEING.
   685 | D:2      | Reached skill level 5 in Ranged Weapons
   793 | D:2      | 793 ||| RETREEEEATING.
   795 | D:2      | 795 ||| RETREEEEATING.
   796 | D:2      | 796 ||| RETREEEEATING.
   797 | D:2      | 797 ||| RETREEEEATING.
   798 | D:2      | 798 ||| RETREEEEATING.
   800 | D:2      | Reached XP level 4. HP: 27/27 MP: 4/4
   805 | D:2      | Reached skill level 3 in Fighting
   807 | D:2      | HP: 4/28 [gnoll/+0 spear (7)]
   808 | D:2      | Slain by a gnoll

Levels and vault maps discovered:
D:1:      dpeg_arrival_arbitrary_c, layout_rooms
D:2:      layout_basic

Skill      XL: |  1  2  3  4 |
---------------+-------------+-----
Armour         | 1 |  1.1
Ranged Weapons | 5 |  5.1
Fighting       | 3 |  3.0
Dodging        | |  1.5
Stealth        | |  1.1

Action                     |  1- 3 |  4- 6 || total
---------------------------+-------+-------++-------
   Fire: Shortbow          |    92 |     9 ||   101
    Use: Scroll            |     2 |       ||     2
 Armour: Leather armour    |     8 |       ||     8
         Ring mail         |     3 |    11 ||    14
  Dodge: Dodged            |    15 |     4 ||    19

Table legend:
 A = Non-vault XP
 B = Vault XP
 C = Vault XP percentage of total XP
 D = Non-vault monster count
 E = Vault monster count
 F = Vault count percentage of total count
                 A         B        C        D         E       F
            +---------+---------+-------+---------+---------+-------
      Total |     100 |       0 |   0.0 |      35 |       0 |   0.0
            +---------+---------+-------+---------+---------+-------
        D:1 |      34 |       0 |   0.0 |      19 |       0 |   0.0
        D:2 |      66 |       0 |   0.0 |      16 |       0 |   0.0
            +---------+---------+-------+---------+---------+-------
